Match 38931123
Unlisted

Match 38931123
End
Construct Infanterie Kompanie
Kettenkrad Recon Vehicle
MG 42 Machine Gun Team
Grenadier Squad
Grenadier Squad
Medical Station
GrW 34 Mortar Team
Construct Luftwaffe Kompanie
Jäger Squad
Support Elements
Wirbelwind Flakpanzer
Marder III M Tank Destroyer
Construct Panzergrenadier Kompanie
Jäger Squad
Infanterie Officer Quarters
251 Medium Carrier
Selects Breakthrough Battlegroup
Selects 2.5-tonne Cargo Truck
Selects Blitzkrieg
MG 42 Bunker
dropDEAD
A哈
A_Smoove
The_Honey_Bear
0
0

Comments sign in to comment!

No comments posted yet!